 Dungeon Crawl Stone Soup version 0.30-a0-691-g754fce4c43 (webtiles) character file.

Game seed: 14112215549199918951

956 pokeman the Thaumaturge (level 7, 0/40 HPs)
             Began as a Deep Elf Hedge Wizard on Jan 19, 2023.
             Slain by an orc
             ... wielding a +0 flail
              (7 damage)
             ... on level 6 of the Dungeon.
             The game lasted 00:10:31 (6433 turns).

pokeman the Thaumaturge (Deep Elf Hedge Wizard)     Turns: 6433, Time: 00:10:31

Health: 0/40       AC:  4    Str:  7    XL:     7   Next: 91%
Magic:  13/21      EV: 13    Int: 21    God:
Gold:   253        SH:  0    Dex: 14    Spells: 15/23 levels left

rFire   . . .      SeeInvis .    f - +2 dagger (speed)
rCold   . . .      Faith    .    (no shield)
rNeg    . . .      Spirit   .    b - +0 robe
rPois   .          Reflect  .    c - +0 hat
rElec   .          Harm     .    (no cloak)
rCorr   .          Rampage  .    o - +0 pair of gloves
Will    .....                    r - +0 pair of boots
Stlth   ++                       (no amulet)
HPRegen 0.26/turn                (no ring)
MPRegen 0.17/turn                (no ring)

@: no status effects
A: no striking features
a: no special abilities


You were on level 6 of the Dungeon.
You visited 1 branch of the dungeon, and saw 6 of its levels.

You collected 253 gold pieces.

Inventory:

Hand Weapons
 f - a +2 dagger of speed (weapon)
Armour
 b - a +0 robe (worn)
 c - a +0 hat (worn)
 o - a +0 pair of gloves (worn)
 r - a +0 pair of boots (worn)
Jewellery
 s - an amulet of guardian spirit
Wands
 y - a wand of polymorph (8)
Scrolls
 g - 2 scrolls of amnesia
 i - 2 scrolls of fog
 j - 2 scrolls of enchant weapon
 k - 3 scrolls of magic mapping
 t - 3 scrolls of fear {unknown}
 v - 2 scrolls of teleportation {unknown}
 x - a scroll of enchant armour {unknown}
Potions
 a - a potion of mutation
 d - 3 potions of magic
 h - 3 potions of attraction
 l - a potion of resistance
 m - a potion of berserk rage {unknown}
 n - a potion of lignification {unknown}
 p - 2 potions of curing {unknown}
 q - 2 potions of brilliance {unknown}
 u - 2 potions of heal wounds {unknown}
 w - a potion of might {unknown}
 z - a potion of flight {unknown}


   Skills:
 - Level 2.3 Fighting
 + Level 1.6 Armour
 - Level 3.0 Dodging
 - Level 3.0 Stealth
 * Level 8.6 Spellcasting
 + Level 4.3 Conjurations
 + Level 3.3 Summonings
 - Level 1.1 Translocations
 - Level 1.0 Air Magic
 - Level 1.0 Poison Magic
 - Level 1.1 Evocations


You had 15 spell levels left.
You knew the following spells:

 Your Spells              Type           Power      Damage    Failure   Level
a - Magic Dart            Conj           100%       1d8       1%          1
b - Mephitic Cloud        Conj/Pois/Air  17%        N/A       10%         3
c - Call Imp              Summ           23%        N/A       2%          2
d - Blink                 Tloc           26%        N/A       7%          2

Your spell library contained the following spells:

 Spells                   Type           Power      Damage    Failure   Level
 Static Discharge         Conj/Air       40%        2-4/arc   3%          2
 Lesser Beckoning         Tloc           26%        N/A       7%          2
 Slow                     Hex            36%        N/A       8%          1
 Cigotuvi's Dreadful Rot  Necr/Pois/Air  22%        N/A       9%          2
 Gell's Gravitas          Tloc           13%        N/A       14%         3
 Teleport Other           Tloc           13%        N/A       14%         3
 Vhi's Electric Charge    Tloc/Air       26%        N/A       14%         3
 Arcjolt                  Conj/Air       10%        1d20      56%         5
 Lightning Bolt           Conj/Air       10%        1d23      56%         5


Dungeon Overview and Level Annotations

Branches:
Dungeon (6/15)
 Temple: D:4-7

Altars:
Ashenzari
Makhleb
Xom

Annotations:
D:3 2 transporters, testman's ghost, amateur DsAr
D:6 Pikel


Message History

The lemure is moderately wounded.
Casting: Magic Dart (safe; 1% risk of failure)
Confirm with . or Enter, or press ? or * to list all spells.
Aiming: Magic Dart (safe; 1% risk of failure)
Press: ? - help, Shift-Dir - straight line, f/p - lemure
Aim: a lemure (moderately wounded, 100% to hit)
The magic dart hits the lemure.
The lemure is moderately wounded.
The lemure hits you.
Casting: Magic Dart (safe; 1% risk of failure)
Confirm with . or Enter, or press ? or * to list all spells.
Aiming: Magic Dart (safe; 1% risk of failure)
Press: ? - help, Shift-Dir - straight line, f/p - lemure
Aim: a lemure (moderately wounded, 100% to hit)
The magic dart hits the lemure.
The lemure is heavily wounded.
The lemure hits you. The orc hits you with a +0 flail!
Casting: Magic Dart (safe; 1% risk of failure)
Confirm with . or Enter, or press ? or * to list all spells.
Aiming: Magic Dart (safe; 1% risk of failure)
Press: ? - help, Shift-Dir - straight line, f/p - lemure
Aim: a lemure (heavily wounded, 100% to hit)
The magic dart hits the lemure.
The lemure is heavily wounded.
The lemure hits you!
An orc comes into view. It is wielding a +0 short sword.
The orc hits you with a +0 flail.
* * * LOW HITPOINT WARNING * * *
Casting: Magic Dart (safe; 1% risk of failure)
Confirm with . or Enter, or press ? or * to list all spells.
Aiming: Magic Dart (safe; 1% risk of failure)
Press: ? - help, Shift-Dir - straight line, f/p - lemure
Aim: a lemure (heavily wounded, 100% to hit)
The magic dart hits the lemure.
The lemure is heavily wounded.
The orc shouts!
The lemure hits you.
* * * LOW HITPOINT WARNING * * *
The orc hits you with a +0 flail!
You die...

....# #....# #....#
#+########....#
.........+.....).......#
#.........#.............#
........).#........))...#
.....o....+........<....#
..........#....o@.......#
..........#....5..##....#
..........#.......##....#
..........o.......#.....#
..........#.......##....#
..........#.......##....#
#####.....#.......##....#
#.....#.......##....#
#.....#.......#.....#


You could see a lemure and 2 orcs.

Vanquished Creatures
  A sky beast (D:4)
  2 black bears
  A centaur (D:5)
  A lemure (D:6)
  A necrophage (D:5)
  2 scorpions
  A howler monkey (D:5)
  A hound (D:5)
  An orc priest (D:4)
  2 iguanas
  An orc wizard (D:3)
  2 gnolls
  6 adders
  A white imp (D:4)
  2 worms (D:2)
  21 orcs
  2 bats
  12 endoplasms
  4 goblins
  9 hobgoblins
  13 jackals
  5 quokkas
  11 ball pythons
  A frilled lizard (D:2)
  8 kobolds
  8 rats
119 creatures vanquished.

Vanquished Creatures (collateral kills)
  A jelly (D:5)
  2 gnolls
  2 orcs
  A kobold (D:2)
6 creatures vanquished.

Vanquished Creatures (others)
  A quokka (D:4)
  A fungus (D:5)
2 creatures vanquished.

Grand Total: 127 creatures vanquished

Notes
Turn   | Place    | Note
-------+----------+-------------------------------------------
     0 | D:1      | pokeman the Deep Elf Hedge Wizard began the quest for the
                  | Orb.
     0 | D:1      | Reached XP level 1. HP: 10/10 MP: 7/7
   231 | D:1      | Reached XP level 2. HP: 13/15 MP: 1/9
  1041 | D:2      | Reached skill level 5 in Spellcasting
  1086 | D:2      | Reached XP level 3. HP: 20/20 MP: 1/11
  1090 | D:2      | Learned a level 3 spell: Mephitic Cloud
  1093 | D:2      | Learned a level 2 spell: Call Imp
  1096 | D:2      | Learned a level 2 spell: Blink
  1278 | D:2      | Reached skill level 1 in Armour
  1319 | D:2      | Reached skill level 1 in Fighting
  1497 | D:1      | HP: 1/20 [gnoll/+0 flail (9)]
  1560 | D:1      | Reached XP level 4. HP: 20/25 MP: 1/13
  1993 | D:2      | Found a faded altar of an unknown god.
  2672 | D:3      | Reached XP level 5. HP: 24/29 MP: 0/15
  2794 | D:3      | Reached skill level 6 in Spellcasting
  3441 | D:3      | Noticed testman's ghost (amateur DsAr)
  3453 | D:3      | Found a transporter.
  3509 | D:3      | Found a transporter.
  3652 | D:3      | Reached skill level 1 in Air Magic
  3834 | D:4      | Found a burning altar of Makhleb.
  4022 | D:4      | Reached skill level 1 in Poison Magic
  4213 | D:4      | Noticed a sky beast
  4230 | D:4      | Killed a sky beast
  4231 | D:4      | Reached XP level 6. HP: 26/34 MP: 11/17
  4823 | D:4      | Reached skill level 7 in Spellcasting
  5370 | D:5      | Entered Level 5 of the Dungeon
  5388 | D:5      | Reached XP level 7. HP: 16/40 MP: 4/20
  5538 | D:5      | Found a broken altar of Ashenzari.
  5552 | D:5      | Found a shimmering altar of Xom.
  5586 | D:5      | Reached skill level 8 in Spellcasting
  6261 | D:6      | Reached skill level 1 in Evocations
  6413 | D:6      | Noticed Pikel
  6433 | D:6      | Slain by an orc

Illustrated notes

Levels and vault maps discovered:
D:1:      eino_arrival_cavern_d, layout_loops_ring
D:2:      layout_basic, ebering_ecumenical_altar_petrified,
          serial_park_tiny_pond
D:3:      layout_basic, gammafunk_ghost_stat_death, amethyst_killhole,
          nicolae_elevator_lobby_plus
D:4:      layout_basic, lemuel_crystal_altar
D:5:      minmay_chambers_of_fours, layout_rooms, mainiacjoe_overflow_big_doors
D:6:      layout_gridville, minmay_temple_entry_butterflies, uniq_blork_the_orc,
          uniq_pikel

Skill      XL: |  1  2  3  4  5  6  7 |
---------------+----------------------+-----
Spellcasting   | 5 6 7 8 |  8.6
Armour         | 1 |  1.6
Fighting       | 1 2 |  2.3
Conjurations   | 2 3 4 |  4.3
Dodging        | 3 |  3.0
Stealth        | 3 |  3.0
Air Magic      | 1 |  1.0
Poison Magic   | 1 |  1.0
Summonings     | 2 3 |  3.3
Evocations     | 1 |  1.1
Translocations | |  1.1

Action                   |  1- 3 |  4- 6 |  7- 9 || total
-------------------------+-------+-------+-------++-------
Melee: Dagger            |    31 |    44 |     8 ||    83
       Punch             |       |     1 |       ||     1
 Cast: Magic Dart        |    65 |   196 |    81 ||   342
       Call Imp          |     4 |     6 |       ||    10
       Mephitic Cloud    |     1 |     6 |     3 ||    10
       Blink             |     1 |     1 |       ||     2
  Use: Scroll            |       |     5 |     2 ||     7
 Stab: Sleeping          |     1 |     1 |       ||     2
       Confused          |     2 |     6 |     2 ||    10
Armor: Robe              |     3 |    12 |     5 ||    20
Dodge: Dodged            |    27 |    52 |    16 ||    95

Table legend: (Time is in decaauts)
 A = Elapsed time spent in this place.
 B = Non-inter-level travel time spent in this place.
 C = Inter-level travel time spent in this place.
 D = Time resting spent in this place.
 E = Time spent auto-exploring this place.
 F = Levels seen in this place.
 G = Mean time per level.
                   A        B        C        D        E       F      G
               +--------+--------+--------+--------+--------+-----+--------+
         Total |   6404 |   6277 |    127 |    577 |   4793 |   6 | 1067.3 |
       Dungeon |   6404 |   6277 |    127 |    577 |   4793 |   6 | 1067.3 |
               +--------+--------+--------+--------+--------+-----+--------+

Top non-repeatable levels by time:
     D:4: 1387 daAuts
     D:2: 1374 daAuts
     D:1: 1334 daAuts
     D:3: 1252 daAuts
     D:5: 805 daAuts
     D:6: 251 daAuts
